 Dungeon Crawl Stone Soup version 0.31-a0-564-g3b7de120b3 (webtiles) character file.

Game seed: 15252714741609671136

1288 dialectric the Carver (level 8, -6/67 HPs)
             Began as a Minotaur Fighter on Aug 17, 2023.
             Was an Initiate of Okawaru.
             Killed from afar by an electric eel (11 damage)
             ... with a bolt of electricity
             ... on level 6 of the Dungeon.
             The game lasted 00:05:51 (5028 turns).

dialectric the Carver (Minotaur Fighter)            Turns: 5028, Time: 00:05:51

Health: -6/67      AC:  7    Str: 23    XL:     8   Next: 30%
Magic:  7/7        EV: 11    Int:  5    God:    Okawaru [......]
Gold:   536        SH:  0    Dex: 10    Spells: 7/7 levels left

rFire   . . .        a - +0 long sword
rCold   . . .        (no shield)
rNeg    . . .        b - +0 scale mail
rPois   .            (helmet restricted)
rElec   .            (no cloak)
rCorr   .            (no gloves)
SInv    .            (no boots)
Will    .....        o - amulet of faith Stlth
                     (no ring)
HPRegen 0.31/turn    (no ring)
MPRegen 0.10/turn

%: faith
@: no status effects
A: horns 2, retaliatory headbutt
a: Renounce Religion


You were on level 6 of the Dungeon.
You worshipped Okawaru.
Okawaru was noncommittal.
You visited 1 branch of the dungeon, and saw 6 of its levels.
You also visited: Ossuary.

You collected 536 gold pieces.

Inventory:

Hand Weapons
 a - a +0 long sword (weapon)
 d - a +0 morningstar
Missiles
 n - 5 poisoned darts (quivered)
Armour
 b - a +0 scale mail (worn)
 c - a +0 buckler
Jewellery
 o - an amulet of faith (around neck)
 q - a +6 ring of intelligence
 t - a ring of protection from cold
 F - an amulet of magic regeneration
Talismans
 h - a blade talisman
Wands
 r - a wand of flame (21)
 I - a wand of roots (6)
Scrolls
 e - 11 scrolls of identify
 i - a scroll of silence {unknown}
 j - 2 scrolls of vulnerability {unknown}
 k - a scroll of noise {unknown}
 l - 4 scrolls of teleportation {unknown}
 p - a scroll of enchant weapon {unknown}
 u - a scroll of fear {unknown}
 v - a scroll of poison {unknown}
 w - a scroll of enchant armour {unknown}
 y - a scroll of fog {unknown}
 G - a scroll of revelation {unknown}
 J - a scroll of amnesia {unknown}
Potions
 f - 4 potions of curing
 g - 2 potions of invisibility {unknown}
 m - 3 potions of ambrosia {unknown}
 s - 2 potions of mutation {unknown}
 x - 2 potions of brilliance {unknown}
 z - a potion of berserk rage {unknown}
 A - 3 potions of degeneration {unknown}
 B - a potion of lignification {unknown}
 C - a potion of heal wounds {unknown}
 D - a potion of magic {unknown}
 E - 2 potions of resistance {unknown}
 H - a potion of attraction {unknown}


   Skills:
 * Level 4.8 Fighting
 + Level 8.7 Long Blades
 + Level 7.3 Armour
 - Level 4.2 Dodging
 - Level 3.6 Shields


You had 7 spell levels left.
You didn't know any spells.
Your spell library was empty.

Dungeon Overview and Level Annotations

Branches:
Dungeon (6/15)             Temple (0/1) D:5         Ossuary (visited)

Altars:
Ashenzari
Hepliaklqana
Nemelex Xobeh
Okawaru
Qazlal
Ru

Shops:
D:2 [   D:3 :


Innate Abilities, Weirdness & Mutations

You have a pair of horns on your head.
You reflexively headbutt those who attack you in melee.


Message History

The electric eel is severely wounded.
You hear an angry hiss.
An iguana comes into view.
You closely miss the electric eel. Your headbutt misses the electric eel.
The electric eel is severely wounded.
The electric eel shoots out a bolt of lightning at you!
The bolt of electricity hits you. The bolt of electricity hits you!
The bolt of electricity hits the electric eel.
The electric eel completely resists.
You are too injured to fight recklessly!
You are too injured to fight recklessly!
You are too injured to fight recklessly!
You are too injured to fight recklessly!
You are too injured to fight recklessly!
You are too injured to fight recklessly!
You are too injured to fight recklessly!
You are too injured to fight recklessly!
You are too injured to fight recklessly!
Unknown command.
You miss the electric eel.
The electric eel is severely wounded.
The hound barely misses you. You furiously retaliate!
You headbutt the hound! You hit the electric eel.
The electric eel is severely wounded.
The hound misses you.
The electric eel shoots out a bolt of lightning at you!
The bolt of electricity hits you!
* * * LOW HITPOINT WARNING * * *
The bolt of electricity hits you.
* * * LOW HITPOINT WARNING * * *
The bolt of electricity misses the electric eel.
The hound bites you but does no damage.
You barely miss the electric eel. Your headbutt misses the electric eel.
The electric eel is severely wounded.
The hound closely misses you.
The electric eel shoots out a bolt of lightning at you!
The bolt of electricity hits you!
* * * LOW HITPOINT WARNING * * *
The bolt of electricity hits you!
You die...

.# #.#
#.......##.#######
.# #.## #.########.#
.# #..# #.# ##...#
##.###.#####..#.####
#...≈≈≈≈≈≈≈.≈≈≈≈≈≈≈#
####≈#####≈.≈#####≈#
#≈≈≈#≈.≈#≈≈≈#
#≈_......._≈#
#≈≈≈#≈@≈#≈≈≈#
#####Sh≈#####
≈≈≈c≈≈≈ ......##.#
......l## .#
.......# # #.#.....
#.#....


You could see a centaur, an iguana, a hound and an electric eel.

Vanquished Creatures
  Sigmund (D:2)
  Menkaure (D:4)
  An ice beast (D:4)
  An ogre (D:4)
  A phantom (D:5)
  A bullfrog (D:5)
  A scorpion (D:5)
  A howler monkey (D:6)
  2 hounds
  2 orc priests (D:3)
  A jelly (D:5)
  Terence (D:2)
  Natasha (twice) (D:2)
  8 mummies (Ossuary)
  A gnoll (D:1)
  12 adders
  A shadow imp (D:5)
  A white imp (D:5)
  2 ufetubi (D:5)
  7 worms
  2 dart slugs
  11 orcs
  3 endoplasms
  2 giant cockroaches (D:2)
  6 goblins
  9 hobgoblins
  4 jackals (D:3)
  5 quokkas
  5 ball pythons
  8 bats
  3 frilled lizards
  4 hobgoblin zombies (Ossuary)
  12 kobolds
  2 kobold zombies (Ossuary)
  2 orc zombies (Ossuary)
  4 rats
130 creatures vanquished.

Notes
Turn   | Place    | Note
-------+----------+-------------------------------------------
     0 | D:1      | dialectric the Minotaur Fighter began the quest for the
                  | Orb.
     0 | D:1      | Reached XP level 1. HP: 19/19 MP: 0/0
   103 | D:1      | Reached XP level 2. HP: 27/27 MP: 1/1
   470 | D:1      | Reached skill level 3 in Long Blades
   470 | D:1      | Reached XP level 3. HP: 34/34 MP: 2/2
   995 | D:2      | Found Guf Fufuma's Armour Boutique.
  1075 | D:2      | Noticed Terence
  1082 | D:2      | Killed Terence
  1083 | D:2      | Reached skill level 1 in Dodging
  1083 | D:2      | Reached XP level 4. HP: 31/41 MP: 3/3
  1170 | D:2      | Noticed Sigmund
  1197 | D:2      | Killed Sigmund
  1198 | D:2      | Reached skill level 4 in Long Blades
  1198 | D:2      | Reached skill level 5 in Armour
  1198 | D:2      | Reached XP level 5. HP: 4/47 MP: 4/4
  1471 | D:2      | Identified the +9 long sword of the Purse {holy, rElec MP+9
                  | Dex+4}
  1569 | D:2      | Noticed Natasha
  1578 | D:2      | Killed Natasha
  1579 | D:2      | Reached XP level 6. HP: 52/53 MP: 5/5
  1684 | D:2      | Reached skill level 5 in Long Blades
  1737 | D:2      | Noticed Natasha
  1747 | D:2      | Killed Natasha
  1855 | D:3      | Found Fuats's Vocational Training.
  2537 | D:3      | HP: 1/53 [goblin/+0 club (4)]
  2926 | D:4      | Reached skill level 6 in Long Blades
  2926 | D:4      | Reached XP level 7. HP: 30/60 MP: 6/6
  3148 | D:4      | Noticed Menkaure
  3160 | D:4      | Killed Menkaure
  3491 | D:5      | Entered Level 5 of the Dungeon
  3502 | D:5      | Found a hazy altar of Hepliaklqana.
  3507 | D:5      | Found an iron altar of Okawaru.
  3511 | D:5      | Became a worshipper of Warmaster Okawaru
  3515 | D:5      | Found a broken altar of Ashenzari.
  3537 | D:5      | Reached skill level 7 in Long Blades
  3624 | D:5      | Found a sand-covered staircase.
  3644 | Ossuary  | Entered an ossuary
  4239 | D:5      | Reached XP level 8. HP: 67/67 MP: 7/7
  4303 | D:5      | Reached skill level 8 in Long Blades
  4667 | D:5      | Found a staircase to the Ecumenical Temple.
  4806 | D:6      | Found a stormy altar of Qazlal.
  5021 | D:6      | Found a sacrificial altar of Ru.
  5021 | D:6      | Found a sparkling altar of Nemelex Xobeh.
  5028 | D:6      | Killed from afar by an electric eel

Illustrated notes

Levels and vault maps discovered:
D:1:      amcnicky_arrival_feature_with_door, layout_loops_ring
D:2:      layout_basic, serial_curves, eino_curves_04, eino_curves_03,
          eino_curves_02, eino_curves_03, serial_shops, nicolae_lakefront_shop,
          uniq_terence, uniq_natasha, uniq_sigmund
D:3:      layout_loops_cross, nicolae_shop_vocational
D:4:      layout_basic, gammafunk_ghost_mausoleum, serial_shops,
          nicolae_shop_hallway_stairs, kennysheep_nub, minmay_unequal,
          uniq_menkaure
D:5:      layout_loops_ring, grunt_temple_overflow_diamond,
          minmay_temple_entry_fiery, enter_ossuary_1
D:6:      layout_basic, lemuel_tele_altar, nicolae_overflow_two_pavilions,
          serial_shops, shop, minmay_fractal_squares_gapless_5, uniq_jeremiah

Skill      XL: |  1  2  3  4  5  6  7  8 |
---------------+-------------------------+-----
Fighting       | 4 |  4.8
Armour         | 4 5 6 7 |  7.3
Long Blades    | 3 4 6 7 8 |  8.7
Dodging        | 1 2 3 4 |  4.2
Shields        | |  3.6

Action                     |  1- 3 |  4- 6 |  7- 9 || total
---------------------------+-------+-------+-------++-------
  Melee: Long sword        |   113 |   124 |   161 ||   398
         Headbutt          |    15 |    15 |    31 ||    61
         Punch             |       |     1 |     2 ||     3
    Use: Scroll            |     1 |       |       ||     1
         Potion            |       |     2 |     1 ||     3
 Armour: Scale mail        |    65 |    46 |    59 ||   170
  Dodge: Dodged            |    61 |    72 |   108 ||   241

Table legend: (Time is in decaauts)
 A = Elapsed time spent in this place.
 B = Non-inter-level travel time spent in this place.
 C = Inter-level travel time spent in this place.
 D = Time resting spent in this place.
 E = Time spent auto-exploring this place.
 F = Levels seen in this place.
 G = Mean time per level.
                   A        B        C        D        E       F      G
               +--------+--------+--------+--------+--------+-----+--------+
         Total |   5077 |   5004 |     73 |      0 |   3936 |   7 |  725.3 |
       Dungeon |   4753 |   4680 |     73 |      0 |   3724 |   6 |  792.2 |
       Ossuary |    323 |    323 |      0 |      0 |    212 |   1 |  323.0 |
               +--------+--------+--------+--------+--------+-----+--------+

Top non-repeatable levels by time:
     D:2: 1113 daAuts
     D:5: 915 daAuts
     D:3: 899 daAuts
     D:1: 777 daAuts
     D:4: 749 daAuts
 Ossuary: 323 daAuts
     D:6: 298 daAuts
